 Dungeon Crawl Stone Soup version 0.20.1-1-g8b1a95d (webtiles) character file.

62 slep the Slasher (level 3, -9/28 HPs)
             Began as a Demonspawn Gladiator on Nov 2, 2017.
             Killed from afar by Sigmund (11 damage)
             ... with a magic dart
             ... on level 2 of the Dungeon.
             The game lasted 00:07:12 (1044 turns).

slep the Slasher (Demonspawn Gladiator)             Turns: 1044, Time: 00:07:13

Health: -9/28      AC:  4    Str: 14    XL:     3   Next: 85%
Magic:  0/3        EV: 12    Int:  9    God:
Gold:   35         SH:  3    Dex: 15    Spells: 2/2 levels left

rFire    . . .     SeeInvis .   a - +0 long sword
rCold    . . .     Gourm    .   i - +0 buckler
rNeg     . . .     Faith    .   b - +0 leather armour
rPois    .         Spirit   +   c - +0 helmet
rElec    .         Reflect  .   (no cloak)
rCorr    .         Harm     +   (no gloves)
MR       .....                  (no boots)
Stlth    +.........             m - amulet of harm
Regen    0.1/turn               (no ring)
MPRegen  0.1/turn               (no ring)

@: hasted, very quick
A: magic shield
a: no special abilities


You were on level 2 of the Dungeon.
You were not hungry.

You visited 1 branch of the dungeon, and saw 2 of its levels.

You collected 35 gold pieces.

Inventory:

Hand Weapons
 a - a +0 long sword (weapon)
Missiles
 d - 3 throwing nets (quivered)
Armour
 b - a +0 leather armour (worn)
 c - a +0 helmet (worn)
 i - a +0 buckler (worn)
Jewellery
 m - an amulet of harm (around neck)
Scrolls
 e - 4 scrolls of remove curse {unknown}
 h - 5 scrolls of identify {unknown}
 j - a scroll of magic mapping {unknown}
 l - a scroll of fog {unknown}
 p - 3 scrolls of recharging {unknown}
Potions
 n - a potion of haste
 o - 2 potions of flight {unknown}
Comestibles
 f - a bread ration
 g - a royal jelly
 k - 2 chunks of flesh


   Skills:
 + Level 2.5 Fighting
 + Level 3.6 Long Blades
 + Level 1.8 Throwing
 + Level 0.8 Armour
 + Level 3.0 Dodging


You had 2 spell levels left.
You didn't know any spells.

Dungeon Overview and Level Annotations

Branches:
Dungeon (2/15)

Altars:

Annotations:
D:2 Sigmund


Innate Abilities, Weirdness & Mutations

When hurt, damage is shared between your health and your magic reserves.


Message History

Sigmund says, "You will soon forget everything."
Sigmund gestures wildly while chanting.
Sigmund flickers and vanishes!
Deactivating autopickup; reactivate with Ctrl-A.
You miss something. Something hits you.
You hit something. You hit something. Something hits you.
You closely miss something. You miss something. Something hits you!
* * * LOW HITPOINT WARNING * * *
You barely miss something. Something barely misses you.
You miss something. You closely miss something. Something hits you.
* * * LOW HITPOINT WARNING * * *
You closely miss something. You miss something.
You hear some strange, mumbled words.
A magic dart appears from out of thin air!
The magic dart hits you!
You die...

#.........#....#
#...........)..#.#
#................#
##............#####
#.............+
#.............#
###.............#
......!..........(..
#####...@.....###.....
#...{.....# .....
#.........# .....
##+##....## .....
#....# ... ....# ....#
....#


There were no monsters in sight!

Vanquished Creatures
  An adder (D:2)
  An ooze (D:1)
  A worm (D:2)
  2 dart slugs (D:2)
  A giant cockroach (D:1)
  3 goblins (D:1)
  5 hobgoblins
  8 jackals (D:2)
  7 kobolds
  3 ball pythons (D:1)
  2 bats (D:1)
  A frilled lizard (D:1)
  4 rats (D:1)
39 creatures vanquished.

Notes
Turn   | Place    | Note
-------+----------+-------------------------------------------
     0 | D:1      | slep the Demonspawn Gladiator began the quest for the Orb.
     0 | D:1      | Reached XP level 1. HP: 16/16 MP: 1/1
   158 | D:1      | Gained mutation: When hurt, damage is shared between your health and your magic reserves. [demonic ancestry]
   158 | D:1      | Reached XP level 2. HP: 18/22 MP: 2/2
   711 | D:2      | Reached XP level 3. HP: 28/28 MP: 3/3
   817 | D:2      | Noticed Sigmund
  1042 | D:2      | HP: 1/28 [something (7)]
  1044 | D:2      | Killed from afar by Sigmund

Skill      XL: |  1  2  3 |
---------------+----------+-----
Long Blades    | 3 |  3.6
Dodging        | 3 |  3.0
Fighting       | |  2.5
Throwing       | |  1.8
Armour         | |  0.8

Action                   || total
-------------------------++-------
Melee: Long sword        ||   116
  Use: Potion            ||     1
  Eat: Chunk             ||     1
Armor: Leather armour    ||    29
Dodge: Dodged            ||    87
Block: Buckler           ||    14
       Rpst.: Long sword ||    20
